[Event "*** Titled Tuesday Blitz"]
[Site "Chess.com"]
[Date "2019.04.02"]
[Round "1"]
[White "fm_magua"]
[Black "HrvojeZagreb"]
[Result "1-0"]
[WhiteElo "2517"]
[BlackElo "2033"]
[TimeControl "180+2"]
[EndTime "14:10:27 PDT"]
[Termination "fm_magua won by resignation"]

1. e4 e6 2. d3 c5 3. Nd2 Nc6 4. Ngf3 d6 5. g3 e5 6. Bg2 g6 7.
O-O Bg7 8. Nc4 Nge7 9. Bg5 f6 10. Be3 O-O 11. c3 b5 12. Na3 a6 13. Nc2 Be6 14. d4 cxd4 15. cxd4 Na5 16. b3 d5 17. dxe5 fxe5 18.
exd5 Nxd5 19. Rc1 Nc3 20. Qxd8 Raxd8 21. Bb6 Ne2+ 22. Kh1 Nxc1 23. Bxa5 Rc8 24. Rxc1 Bf5 25. Nfe1 Bh6 26. f4 exf4 27. Bd5+ Kg7 28. Bb7 Rb8 29.
Bc3+ Kf7 30. Bd5+ Ke8 31. Nd4 fxg3 32. Rd1 Bg4 33. Nef3 Rd8 34. Re1+ Kd7 35. Ne5+ Kd6 36. Nxg4 Kxd5 37. Re5+ Kd6 38. Bb4+ Kd7 39. Nxh6 gxh2 40. Bxf8 Rxf8 41. Rd5+ Kc8 42. Ng4 h5 43. Ne5 Rf2 44. Nxg6 Rxa2 45. Ne6 Kb7 46. Rd6 a5 47. Ne5 a4 48.
Nc5+ Kc8 49. Rc6+ Kd8 50. b4 Rb2 51. Ned3 Rb1+ 52. Kxh2 Rd1 53. Ra6 Kc7 54. Kg3 Rd2 55. Kh4 Rh2+ 56. Kg5 h4 57. Kg4 Rh1 58. Ne5 h3 59. Rh6 Rb1 60. Ncd3 a3 61. Ra6 h2 62. Nf2 Rxb4+ 63. Kg3 Ra4 64. Rc6+ Kb7 65. Rc1 b4 66. Ned3 b3 67. Kxh2 b2 68. Nxb2 axb2 69. Rb1 Rb4 70. Nd3 Rb3 71. Nc5+ Kc6 72. Nxb3 Kb5 73. Rxb2 Kb4 74.
Re2 Kc3 75. Kg3 Kxb3 76. Kf3 1-0

[Event "*** Titled Tuesday Blitz"]
[Site "Chess.com"]
[Date "2019.04.02"]
[Round "1"]
[White "ristingho"]
[Black "OparinGrigoriy"]
[Result "1/2-1/2"]
[WhiteElo "2507"]
[BlackElo "2978"]
[TimeControl "180+2"]
[EndTime "14:10:29 PDT"]
[Termination "Game drawn by agreement"]

1. d4 Nf6 2. c4 e6 3. Nf3 Bb4+ 4.
Bd2 a5 5. g3 d5 6. Qc2 O-O 7. Bg2 c6 8. O-O Be7 9. Bf4 Nbd7 10.
Nbd2 b5 11. cxb5 cxb5 12. Bc7 Qe8 13. Rfc1 Ba6 14. Bxa5 b4 15. Nb3 Rc8 16. Qd2 Ne4 17.
Qe1 Rb8 18. e3 Nb6 19. Bxb6 Rxb6 20. Nc5 Nxc5 21. dxc5 Rb5 22. c6 Qc8 23. Nd4 Rb6 24.
e4 dxe4 25. Qxe4 Bf6 26. Rd1 Bc4 27. Qe3 Bd5 28. Bxd5 exd5 29. Rac1 Re8 30. Qb3 Bxd4 31. Rxd4 Rxc6 32. Rxc6 Qxc6 33. Qxd5 Qc1+ 34. Kg2 Qxb2 35. Rf4 Rf8 36. h4 h6 37. Qc4 Qd2 38. Qxb4 Qxa2 39.
Qc4 Qa8+ 40. Qe4 Qa6 41. Qc4 Qd6 42. Qd4 Qc6+ 43. Qe4 Qc7 44. Rf3 Rd8 45. Qf5 Qe7 46. Re3 Qb7+ 47. Qe4 Qd7 48. Qe7 Qd5+ 49. Qe4 Qd1 50. Qf3 Qd7 51. Qe4 g6 52. Qf4 Qc6+ 53. Qf3 Qc1 54. Re7 Qc4 55. Qe4 Qb5 56. Qf3 Rf8 57. Rb7 Qe5 58. Kh2 h5 59. Kg2 Qe6 60. Rb3 Rd8 61. Re3 Qc4 62. Re4 Qb5 63. Re7 Qc4 64.
Re4 Qc5 65. Rf4 Qc7 66. Qe4 Rb8 67. Qd5 Rb1 68. Rf6 Kg7 69. Rf4 Qe7 70. Qd4+ Kg8 71.
Qf6 Qb7+ 72. Rf3 Rb3 73. Qd8+ Kh7 74. Qf6 Kg8 75. Qd8+ Kg7 76. Qf6+ Kf8 77. Qd8+ Kg7 78. Qf6+ 1/2-1/2

[Event "*** Titled Tuesday Blitz"]
[Site "Chess.com"]
[Date "2019.04.02"]
[Round "1"]
[White "ilm2034"]
[Black "Dare-Dare"]
[Result "0-1"]
[WhiteElo "2452"]
[BlackElo "2126"]
[TimeControl "180+2"]
[EndTime "14:10:31 PDT"]
[Termination "Dare-Dare won by checkmate"]

1. d4 e6 2. c4 f5 3. g3 Nf6 4.
Bg2 d5 5. Nf3 c6 6. O-O Bd6 7.
Nc3 O-O 8. Bf4 Qc7 9. Bxd6 Qxd6 10. Ne5 Nbd7 11. f4 Ne4 12. Nxe4 fxe4 13. Qb3 b6 14. cxd5 cxd5 15. Rac1 Bb7 16. e3 Nxe5 17. dxe5 Qd7 18. Rfd1 Qe7 19. Qa4 a6 20. Qb3 b5 21. a4 b4 22. a5 Rac8 23. h3 Rxc1 24. Rxc1 Rc8 25. Rxc8+ Bxc8 26. Qc2 Bb7 27. Bf1 Kf7 28. Kg2 Ke8 29.
Be2 Kd8 30. Bg4 Bc8 31. Qc6 Qc7 32. Qa4 Qc5 33. Qb3 Qxa5 34. Be2 Qb6 35. g4 a5 36. f5 Ke7 37. Kf2 Qc5 38. fxe6 Bxe6 39. Qd1 Bd7 40. Qd2 a4 41. Bd1 Bb5 42. Kg3 Ke6 43. Qf2 Kxe5 44. Qf5+ Kd6 45. Qf8+ Kc6 46. Qa8+ Kb6 47. Kf2 a3 48. bxa3 bxa3 49. Qb8+ Ka5 50.
Qe5 a2 51. Qb2 Bc4 52. Qc3+ Qb4 53. Qd4 Qb1 54. Qa7+ Kb4 55. Qb6+ Ka3 56. Qa5+ Kb2 57. Qb4+ Kc1 58. Qe1 a1=Q 59. Ba4+ Kb2 60. Qb4+ Ka2 61. Qd2+ Qab2 62. Qxb2+ Qxb2+ 63. Kg3 Qe2 64. Bd7 Qxe3+ 65. Kh4 Qh6+ 66. Kg3 Qd6+ 67. Kh4 Qxd7 68. g5 e3 69. Kh5 g6+ 70. Kh6 Qxh3+ 71. Kg7 e2 72. Kf7 e1=Q 73.
Kg7 Qe7+ 74. Kh8 Qf8# 0-1

[Event "*** Titled Tuesday Blitz"]
[Site "Chess.com"]
[Date "2019.04.02"]
[Round "1"]
[White "RegZryt"]
[Black "pedroholly22"]
[Result "1/2-1/2"]
[WhiteElo "2570"]
[BlackElo "2265"]
[TimeControl "180+2"]
[EndTime "14:10:32 PDT"]
[Termination "Game drawn - insufficient material"]

1. d4 Nf6 2. c4 g6 3. Nc3 Bg7 4. e4 d6 5. Be2 O-O 6. Be3 e5 7.
d5 c6 8. g4 cxd5 9. cxd5 Na6 10. h4 Bd7 11. h5 Nc5 12. f3 b5 13. Qd2 b4 14. Nd1 b3 15. a3 Ncxe4 16. fxe4 Nxe4 17.
Qd3 Ng3 18. Rh3 e4 19. Qd2 Nxe2 20. Qxe2 f5 21. hxg6 f4 22. Bd2 f3 23. Qh2 hxg6 24. Rh7 Bxg4 25. Rxg7+ Kxg7 26. Qh6+ Kf7 27. Qh7+ Kf6 28.
Qh4+ Ke5 29. Qxg4 Kxd5 30. Nc3+ Kc6 31. Qxe4+ d5 32. Qa4+ Kb7 33. O-O-O f2 34. Qb5+ Qb6 35. Qxd5+ Qc6 36. Qxb3+ Ka6 37. Ne2 f1=Q 38. Rxf1 Rxf1+ 39. Kc2 Rc8 40. Qb4 Qc4 41. Qxc4+ Rxc4 42. Kd3 Rc8 43. b4 Ra1 44. a4 Rf1 45. Ne4 Rf3+ 46. Be3 Rd8+ 47.
Nd4 Rh3 48. Nc5+ Kb6 49. a5+ Kc7 50. Ne6+ Kc8 51. Nxd8 Kxd8 52. b5 Kc7 53. Ke4 Rh5 54. Bf4+ Kc8 55. Be5 g5 56. Ne6 g4 57. Nf4 Rh1 58. Bd4 Rb1 59. Bxa7 Rxb5 60. Bb6 Kb7 61.
Bd8 Ka6 62. Ke3 Rxa5 63. Kf2 Ra4 64. Kg3 Rxf4 65. Kxf4 g3 66. Kxg3 1/2-1/2

[Event "*** Titled Tuesday Blitz"]
[Site "Chess.com"]
[Date "2019.04.02"]
[Round "1"]
[White "cukus"]
[Black "nubair1198"]
[Result "1-0"]
[WhiteElo "2402"]
[BlackElo "2651"]
[TimeControl "180+2"]
[EndTime "14:10:43 PDT"]
[Termination "cukus won by resignation"]

1. e4 c6 2. d4 d5 3. Nd2 dxe4 4. Nxe4 Bf5 5. Ng3 Bg6 6. h4 h6 7. Nf3 Nd7 8. h5 Bh7 9. Bd3 Bxd3 10. Qxd3 Ngf6 11.
Bd2 e6 12. O-O-O Be7 13. Kb1 O-O 14. Ne4 c5 15. g4 Nxe4 16. Qxe4 Nf6 17. Qe2 cxd4 18.
g5 d3 19. cxd3 hxg5 20. Bxg5 Nh7 21. Bxe7 Qxe7 22. Rdg1 Rfd8 23. Ne5 Rd5 24. h6 g6 25. Nxg6 fxg6 26. Rxg6+ Kh8 27. Rxe6 Qf7 28. Rg1 Rf8 29. Qg4 Rg8 30. Qxg8+ Qxg8 31. Rxg8+ Kxg8 32. Re7 b5 33. Rg7+ Kh8 34. Rxa7 Nf6 35. Kc2 Ng4 36. f4 Nxh6 37.
a4 Nf5 38. a5 Nd4+ 39. Kc3 Ne2+ 40. Kd2 Nxf4 41. Ra8+ Kg7 42. a6 Rxd3+ 43. Kc2 Rd4 44.
b3 Nd5 45. a7 Nb6 46. Rb8 Rd7 47. Rxb6 Rxa7 48. Rxb5 Kf7 49. Re5 Kf6 50. Re1 Ra8 51. b4 Rb8 52. Kb3 Kf5 53. Kc4 Rc8+ 54. Kd5 Rd8+ 55.
Kc5 Rc8+ 56. Kd6 Rb8 57. Rb1 Ke4 58. b5 Kd4 59. b6 Rh8 60. b7 Rh6+ 61. Kc7 Rh7+ 62.
Kb6 Rh6+ 63. Ka7 Rh7 64. Ka8 1-0

[Event "*** Titled Tuesday Blitz"]
[Site "Chess.com"]
[Date "2019.04.02"]
[Round "1"]
[White "Davor_Rogic"]
[Black "PulpanJ"]
[Result "1/2-1/2"]
[WhiteElo "2405"]
[BlackElo "2693"]
[TimeControl "180+2"]
[EndTime "14:10:49 PDT"]
[Termination "Game drawn by agreement"]

1. e4 e5 2. Nf3 Nc6 3. Bb5 Nf6 4. Nc3 Bd6 5. d3 O-O 6. h3 Ne7 7. g4 c6 8. Ba4 Ng6 9. Ne2 Bc7 10.
Ng3 d5 11. c3 dxe4 12. dxe4 Qxd1+ 13. Bxd1 Be6 14. Bb3 Rfe8 15. Be3 a5 16. O-O-O Bxb3 17. axb3 a4 18. bxa4 Rxa4 19. Nd2 Nf4 20. f3 Nd7 21.
Kc2 Ng2 22. Bf2 Bb6 23. Rdf1 Bxf2 24. Rxf2 Nf4 25. Nb3 Nf8 26. Rd2 N8e6 27. h4 Kf8 28. Rhd1 Raa8 29. Nf5 g6 30. Nd6 Re7 31. Nc4 f6 32.
Nb6 Ra6 33. Nc8 Rc7 34. Rd7 Rxc8 35. Rxh7 Rc7 36. Rxc7 Nxc7 37. Nc5 Ra8 38. Rd7 Nfe6 39. Nxb7 Rb8 40. Nd6 Rd8 41. Rxd8+ Nxd8 42. b4 Ke7 43. Nc8+ Ke6 44. c4 Nf7 45. Kc3 f5 46. exf5+ gxf5 47. Na7 fxg4 48. fxg4 Nh6 49. g5 Nf5 50.
Nxc6 Nxh4 51. Nxe5 Kxe5 52. b5 Kd6 53. Kd4 Ne6+ 54.
Ke4 Nxg5+ 55. Kf4 Ne6+ 56. Kg4 Ng6 57. c5+ Nxc5 58. b6 Nb7 59. Kf5 Ne5 60. Ke4 Ke6 61. Kd4 Kf5 62. Kd5 Kf6 63. Kd4 Ke6 64. Ke4 Ng6 65. Kd4 Kf5 66. Kd5 Ne5 67. Kd4 Ke6 68. Ke4 Kd6 69. Kd4 Nc6+ 70. Ke4 Nb4 71. Kd4 Nd5 72.
Ke4 Ke6 73. Kd4 Nf6 74. Kc4 Ke5 75. Kc3 Kd5 76. Kd3 Ng4 77. Kc3 Ne5 78. Kb4 Nc6+ 79.
Kb5 Kd6 80. Kc4 Ke6 81. Kd3 Kd5 82. Ke3 Nd4 83. Kd3 Nf5 84. Kc3 Nfd6 85. Kd3 Nc4 86. Kc3 Ne5 87. Kd2 Kd4 88. Ke2 Ng4 89. Kf3 Ne3 90.
Kf4 Nd5+ 91. Kf5 Kc5 92. Ke5 Nb4 93. Ke4 Nc6 94. Kf5 Kd5 95. Kf4 Nd4 96. Ke3 Nf5+ 97. Kf4 Ke6 98. Ke4 Nbd6+ 99. Kd3 Nb7 100. Ke4 1/2-1/2

[Event "*** Titled Tuesday Blitz"]
[Site "Chess.com"]
[Date "2019.04.02"]
[Round "1"]
[White "indfraeng"]
[Black "LimeInTheCoconut"]
[Result "0-1"]
[WhiteElo "1981"]
[BlackElo "2506"]
[TimeControl "180+2"]
[EndTime "14:11:05 PDT"]
[Termination "LimeInTheCoconut won by checkmate"]

1. d4 Nf6 2. c4 e6 3. g3 d5 4. Nf3 Be7 5. Bg2 O-O 6. O-O dxc4 7. Qc2 a6 8. a4 Bd7 9. Qxc4 Bc6 10. Nc3 a5 11. Bg5 Bxf3 12. Bxf3 c6 13. Bxf6 Bxf6 14.
Rfd1 Nd7 15. Ne4 Be7 16. Nc5 Nxc5 17. dxc5 Qc7 18. b4 axb4 19. Qxb4 Rfd8 20. Rdb1 Ra7 21. a5 Qe5 22. Qb6 Qxc5 23. a6 Qxb6 24. Rxb6 bxa6 25. Bxc6 a5 26. Ra4 g6 27. Rc4 Rc7 28. Ra4 Bb4 29.
Bf3 h5 30. h4 Kg7 31. Ra1 Rd2 32. Rb1 Rcc2 33. Ra1 Ra2 34. Rb1 Rac2 35. Ra1 Rc4 36. Rb1 Rcd4 37. Rb3 Rd1+ 38. Kg2 Ra1 39. Rb7 Rdd1 40. Bc6 Rd8 41. Bf3 Kf6 42. Bc6 Kg7 43.
Bf3 Rad1 44. Bc6 R1d6 45. Bf3 R8d7 46. Rb8 Rd8 47. Rb7 R6d7 48. Rb5 Ra7 49. Be4 Be7 50.
Rb1 a4 51. Ra1 a3 52. Ra2 Bf6 53. Rb3 Be7 54. Rc2 a2 55. Rc1 a1=Q 56. Rxa1 Rxa1 57. Rb7 Bf6 58. Bc6 Rc1 59. Ba4 Ra1 60. Bc6 Ra6 61. Bb5 Rad6 62. Ba4 Rd5 63. Bc6 Rf5 64. Ba4 Bd4 65.
e3 Bf6 66. Bc6 Rc5 67. Ba4 Ra5 68. Bc6 Ra2 69. Kf3 Kf8 70. Bb5 Rdd2 71. Rb8+ Kg7 72.
Rb7 Rxf2+ 73. Ke4 Bc3 74. Be8 Kf8 75. Bb5 Rad2 76. Rc7 f5# 0-1

[Event "*** Titled Tuesday Blitz"]
[Site "Chess.com"]
[Date "2019.04.02"]
[Round "1"]
[White "Yoshkinkot"]
[Black "Vusatiuk_Vladimir"]
[Result "1-0"]
[WhiteElo "2543"]
[BlackElo "2173"]
[TimeControl "180+2"]
[EndTime "14:11:09 PDT"]
[Termination "Yoshkinkot won by checkmate"]

1. e4 c5 2. Nf3 Nc6 3. Bb5 e6 4. Bxc6 bxc6 5. b3 Ne7 6. Bb2 d5 7. e5 Ng6 8. O-O Be7 9. Re1 O-O 10. d3 f5 11. exf6 Bxf6 12. Nc3 Qd6 13. Qc1 Bxc3 14.
Bxc3 d4 15. Bd2 Rxf3 16. gxf3 Nh4 17. Re4 Nxf3+ 18. Kg2 e5 19. Kxf3 Be6 20. Kg2 Bd5 21.
f3 Rf8 22. Qe1 Qg6+ 23. Qg3 Qh5 24. Rf1 Bxe4 25. dxe4 c4 26. bxc4 Qf7 27. Qxe5 Qxc4 28. Rf2 c5 29. Qd5+ Qxd5 30. exd5 Rd8 31. Re2 Rxd5 32. Re7 c4 33. Rxa7 c3 34. Bf4 g5 35.
Bc1 h6 36. Ra4 Kf7 37. Rc4 Kg6 38. a4 Kf5 39. Kf2 Ke5 40. Ke2 Rd8 41. Kd3 h5 42. Rc5+ Kd6 43. Rxg5 Rf8 44. f4 h4 45. Kxd4 Ra8 46. Kxc3 Rxa4 47. Rh5 Ra1 48. Kd2 Ra4 49. Rxh4 Ke7 50. Bb2 Ra2 51. Be5 Ke6 52. Kd3 Ra3+ 53. c3 Ra1 54. Rh5 Rf1 55. c4 Rd1+ 56. Kc3 Rc1+ 57.
Kb4 Rb1+ 58. Kc5 Rb7 59. f5+ Kxe5 60. Kc6 Rb2 61. c5 Rc2 62. Kb6 Kd5 63. f6+ Ke6 64.
Rh6 Kd7 65. f7 Rf2 66. c6+ Ke7 67. c7 Rb2+ 68. Ka7 Rc2 69. Kb7 Rb2+ 70. Rb6 Re2 71. c8=Q Kxf7 72. Qf5+ Ke7 73. Qc5+ Kd8 74. Rd6+ Ke8 75.
Qh5+ Ke7 76. Qxe2+ Kxd6 77. h4 Kd5 78. h5 Kd4 79. h6 Kd5 80. h7 Kd6 81. h8=Q Kd5 82. Qd8+ Kc5 83. Qc2+ Kb4 84. Qb6+ Ka3 85. Qcb3# 1-0

[Event "*** Titled Tuesday Blitz"]
[Site "Chess.com"]
[Date "2019.04.02"]
[Round "1"]
[White "GMJimKnopf"]
[Black "IIIlllII1llIl"]
[Result "0-1"]
[WhiteElo "2391"]
[BlackElo "2802"]
[TimeControl "180+2"]
[EndTime "14:11:14 PDT"]
[Termination "IIIlllII1llIl won by resignation"]

1. e4 e5 2. Nf3 Nc6 3. Bc4 Bc5 4. c3 Nf6 5. d3 d6 6. Bb3 a6 7.
Nbd2 h6 8. Qe2 O-O 9. h3 d5 10. Bc2 Be6 11. Nf1 b5 12. Ng3 dxe4 13. Nxe4 Nxe4 14.
Qxe4 Bd5 15. Qe2 e4 16. dxe4 Bc4 17. Qd2 Qf6 18. Qf4 Nb4 19. Qxf6 Nxc2+ 20. Kd2 gxf6 21.
Kxc2 Rad8 22. Nd4 Bxd4 23. cxd4 Rxd4 24. f3 Bd3+ 25. Kc3 Rfd8 26. b3 f5 27. Be3 R4d7 28.
e5 a5 29. Rad1 b4+ 30. Kb2 h5 31. Rd2 Bb5 32. Rxd7 Rxd7 33. Re1 Kf8 34. a3 bxa3+ 35.
Kxa3 Ke7 36. Kb2 Ke6 37. Bf4 c5 38. Ra1 Ra7 39. Be3 Kxe5 40. Bxc5 Ra6 41. Kc3 Kf4 42. Re1 Kg3 43. Re5 Kxg2 44. Rxf5 h4 45. Rh5 Kxf3 46.
Rxh4 f5 47. Rh5 Ke4 48. Rh4+ f4 49. Bf8 Rc6+ 50. Kb2 Bd3 51. Bh6 Rf6 52. Ka3 Bb5 53. Bg5 Rf5 54. Bxf4 Rxf4 55. Rxf4+ Kxf4 56. h4 Kg4 57. h5 Kxh5 58. Ka2 Kg4 59. Ka1 Kf4 60. Ka2 Ke5 61. Ka1 Kd4 62. Ka2 Kc3 63. Ka1 Kb4 64.
Ka2 Bc6 65. Ka1 Ka3 66. Kb1 Bd7 67. Ka1 Be6 68. Kb1 Bf7 69. Ka1 Bh5 70. Kb1 Bg4 71.
Ka1 Bf3 72. Kb1 Be4+ 73. Ka1 Kb4 74. Kb2 Bf5 75. Ka1 Kc3 76. Ka2 Bc2 77. Ka1 Be4 78.
Ka2 Bf5 79. Ka1 Be6 80. Ka2 Bd7 81. Ka1 Bc6 82. Ka2 Bb5 83. Ka1 Be8 84. Ka2 Kb4 85. Ka1 Bh5 86. Ka2 Bg4 87. Ka1 Be6 88. Ka2 a4 89. Kb2 axb3 90. Ka1 Ka3 91. Kb1 b2 92. Kc2 Ba2 93. Kc3 b1=Q 0-1

[Event "*** Titled Tuesday Blitz"]
[Site "Chess.com"]
[Date "2019.04.02"]
[Round "1"]
[White "Lennis93"]
[Black "johnathan113"]
[Result "1-0"]
[WhiteElo "2337"]
[BlackElo "2618"]
[TimeControl "180+2"]
[EndTime "14:11:27 PDT"]
[Termination "Lennis93 won on time"]

1. e4 c5 2. Nf3 g6 3. d4 cxd4 4. Qxd4 Nf6 5. e5 Nc6 6. Qa4 Nd5 7. Qb3 Nc7 8. Nc3 Bg7 9. Bf4 Ne6 10.
Bg3 Qa5 11. O-O-O O-O 12. Rd5 Qb6 13. Qxb6 axb6 14. a3 d6 15. Nb5 dxe5 16. Nxe5 Bh6+ 17. Kb1 Nf4 18. Bxf4 Bxf4 19. Nc4 Be6 20. Rd1 Rad8 21. Be2 Bf5 22. Nxb6 Be5 23. g4 Be6 24. h3 Nd4 25.
Bd3 Nxb5 26. Bxb5 f5 27. Rxd8 Rxd8 28. Re1 Kf7 29. gxf5 gxf5 30. Bc4 Bxc4 31. Nxc4 Bf6 32. c3 Rd3 33. Re3 Rd1+ 34. Kc2 Rf1 35. Rf3 Kg6 36. Ne3 Rh1 37. Nxf5 Bg5 38. a4 e5 39. Nd6 Bf4 40.
Nxb7 Kg5 41. Nc5 Kf5 42. Rd3 Rh2 43. a5 Rxf2+ 44. Kb3 Bc1 45. Na4 e4 46. Rd5+ Kf4 47.
a6 Be3 48. Nc5 Bc1 49. Rd1 Rxb2+ 50. Ka3 Rb5+ 51. Rxc1 Rxc5 52. Kb4 Rc8 53. c4 e3 54. Kb5 e2 55. c5 Rd8 56. Re1 Ke3 57. c6 Kd2 58.
Rxe2+ Kxe2 59. c7 Rg8 60. Kb6 Kf3 61. a7 Kg3 62. Kb7 Kxh3 63. c8=Q+ Rg4 64. a8=Q h5 65. Qa3+ Kh4 66. Qe7+ Kh3 67. Qc3+ Rg3 68. Qe6+ Kh4 69. Qd4+ Rg4 70. Qe1+ Kg5 71. Qde5+ Kg6 72. Qb1+ Re4 73. Qbxe4+ 1-0

[Event "*** Titled Tuesday Blitz"]
[Site "Chess.com"]
[Date "2019.04.02"]
[Round "1"]
[White "Vuk2000"]
[Black "Alex_Terzi"]
[Result "0-1"]
[WhiteElo "2718"]
[BlackElo "2423"]
[TimeControl "180+2"]
[EndTime "14:11:31 PDT"]
[Termination "Alex_Terzi won by resignation"]

1. e4 e6 2. d4 d5 3. exd5 exd5 4.
Bd3 Bd6 5. Ne2 Ne7 6. Nbc3 O-O 7. Bg5 f6 8. Bh4 Nbc6 9. Nb5 Nb4 10. Nxd6 Nxd3+ 11. Qxd3 Qxd6 12. Bg3 Qb4+ 13. Qc3 Qxc3+ 14. Nxc3 c6 15.
f3 Re8 16. Kd2 Nf5 17. Bf2 Nd6 18. Na4 Nc4+ 19. Kc3 Re2 20. Rhf1 Bf5 21. Rac1 b5 22. Nc5 a5 23. a3 b4+ 24. axb4 axb4+ 25. Kxb4 Rb8+ 26. Kc3 Rxb2 27. Nd3 Ra2 28. Bg3 Bxd3 29. cxd3 Ra3+ 30. Kb4 Rb2+ 31. Kc5 Ra5+ 32. Kxc6 Rb6+ 33. Kd7 Ra7+ 34. Bc7 Rd6+ 35. Kc8 Rc6 36. dxc4 Rcxc7+ 37.
Kb8 Rcb7+ 38. Kc8 Re7 39. Kb8 Reb7+ 40. Kc8 Re7 41. Kb8 Rab7+ 42. Kc8 Rbc7+ 43. Kb8 dxc4 44. Rfe1 Rb7+ 45. Ka8 Ra7+ 46. Kb8 Reb7+ 47. Kc8 Rc7+ 48. Kb8 Kf7 49. Rxc4 Rab7+ 50. Ka8 Ra7+ 51. Kb8 Rxc4 52.
Kxa7 Rxd4 53. Re2 Rb4 54. Ka6 h5 55. Ka5 Rb1 56. Ka4 Kg6 57. Ka3 Kf5 58. Re4 g5 59. h3 h4 60. Ka2 Rg1 61. Rg4 Kg6 62. f4 Kh5 63. fxg5 f5 64. Rf4 Rxg2+ 65. Kb1 Kxg5 66.
Rc4 Rd2 67. Kc1 Rd7 68. Kc2 Rd5 69. Rc8 Kf4 70. Rg8 Kf3 71. Kc3 Rd7 72. Rg5 f4 73. Rg4 Ke3 74. Rxh4 Rc7+ 75. Kb2 f3 76. Rh8 f2 77.
Re8+ Kf3 78. Rf8+ Kg2 79. Rg8+ Kxh3 0-1

[Event "*** Titled Tuesday Blitz"]
[Site "Chess.com"]
[Date "2019.04.02"]
[Round "1"]
[White "Miguelito"]
[Black "Karina_Oparina"]
[Result "1-0"]
[WhiteElo "2575"]
[BlackElo "2230"]
[TimeControl "180+2"]
[EndTime "14:11:32 PDT"]
[Termination "Miguelito won on time"]

1. e4 c6 2. Nf3 d5 3. Nc3 dxe4 4.
Nxe4 Nf6 5. Qe2 Nxe4 6. Qxe4 Nd7 7. Bc4 Nf6 8. Ne5 e6 9. Qe2 Bc5 10. O-O O-O 11. c3 Nd7 12. d4 Nxe5 13. dxe5 Be7 14.
Rd1 Qc7 15. Rd3 b5 16. Bb3 Rd8 17. Rh3 g6 18. Bc2 Bf8 19. Bg5 Rd5 20. Bf6 Bg7 21. Qe3 h5 22. Be4 Rxe5 23. Bxe5 Qxe5 24. Bxc6 Qxe3 25.
fxe3 Rb8 26. Rd1 Bb7 27. Bxb7 Rxb7 28. Rd8+ Kh7 29. Rh4 Bf6 30. Rhd4 Bxd8 31. Rxd8 b4 32. c4 b3 33. a3 Rc7 34. Rd3 Rxc4 35. Rxb3 Kg7 36.
Rb7 Rc1+ 37. Kf2 Rc2+ 38. Kf3 a5 39. b3 Rb2 40. a4 h4 41. Rb5 Kf6 42. h3 g5 43. g3 hxg3 44. Kxg3 e5 45. e4 Rb1 46. Rb6+ Kg7 47. Kg4 f6 48. Kf5 Rf1+ 49. Ke6 Rb1 50. Rb7+ Kg6 51. Rf7 Rf1 52. Rb7 Rf3 53. Rf7 Rf4 54. Ke7 Rf3 55. Rf8 Rf4 56. Rg8+ Kh7 57. Kf7 Rxe4 58. Rg7+ Kh6 59. Rg8 Kh7 60. Rg7+ Kh6 61.
Rg6+ Kh5 62. Rg8 Kh4 63. Kxf6 Rb4 64. Rxg5 Rb6+ 65. Kf5 Rxb3 66. Rg4+ Kxh3 67. Re4 Rb4 68. Kxe5 Rb8 69. Kd5 Kg3 70. Kc6 Kf3 71. Re5 Kf4 72.
Rxa5 Ke4 73. Rh5 Rb1 74. a5 Rc1+ 75. Kb6 Kd4 76. a6 Rg1 77. Rc5 Rg2 78. a7 Rg6+ 79. Rc6 Rg8 80. Kb7 Kd5 81. Rc8 Rg7+ 82. Rc7 1-0

[Event "*** Titled Tuesday Blitz"]
[Site "Chess.com"]
[Date "2019.04.02"]
[Round "1"]
[White "swisspower96"]
[Black "albano87"]
[Result "1-0"]
[WhiteElo "2610"]
[BlackElo "2282"]
[TimeControl "180+2"]
[EndTime "14:11:45 PDT"]
[Termination "swisspower96 won by resignation"]

1. d4 d5 2. c4 e6 3. Nf3 Nf6 4. g3 Be7 5. Bg2 O-O 6. O-O dxc4 7. Qc2 a6 8. a4 Bd7 9. Qxc4 Bc6 10. Bg5 a5 11.
Nc3 Na6 12. Rfe1 Bd5 13. Nxd5 exd5 14. Qc1 Ne4 15. Bxe7 Qxe7 16. Ne5 c5 17. Nd3 Rac8 18.
dxc5 Naxc5 19. Qd1 Qf6 20. Rf1 Rfd8 21. Rc1 h6 22.
Nxc5 Rxc5 23. Rxc5 Nxc5 24. Qc2 Ne4 25. e3 Ng5 26.
Qe2 d4 27. exd4 Qxd4 28. b3 b6 29. Qb5 Ne6 30. Bf3 Qb4 31. Qxb4 axb4 32. Rc1 Nc5 33. Rc4 Rd3 34. Bc6 Rxb3 35. a5 Rc3 36. Rxb4 bxa5 37.
Rb8+ Kh7 38. Ra8 Nb3 39. Bd5 f6 40. h4 Kg6 41. Be4+ Kh5 42. Kg2 Rc5 43. Bc2 Nd4 44. Bd1+ Kg6 45. h5+ Kg5 46. Ra7 Ne6 47. Bb3 Re5 48. f4+ Nxf4+ 49. gxf4+ Kxf4 50. Bd1 Rg5+ 51. Kf2 Ke4 52. Bf3+ Kd4 53. Ke2 Kc4 54. Ke3 Kb4 55.
Bd1 Re5+ 56. Kd4 Rg5 57. Ke4 Kc3 58. Rb7 Kd2 59. Bf3 a4 60. Ra7 Re5+ 61. Kf4 Rg5 62.
Rxa4 Ke1 63. Ra2 Re5 64. Rg2 Rg5 65. Re2+ Kf1 66. Rd2 Kg1 67. Rd1+ Kf2 68. Rd2+ Kg1 69. Ke4 Re5+ 70. Kf4 Rg5 71. Ke3 Re5+ 72. Kf4 Rg5 73. Ra2 Re5 74. Bg4 Rb5 75. Kg3 Rb1 76. Bf3 Kf1 77. Ra7 Ke1 78. Rxg7 Kd2 79. Rg6 f5 80. Rxh6 Ke3 81. Re6+ 1-0

[Event "*** Titled Tuesday Blitz"]
[Site "Chess.com"]
[Date "2019.04.02"]
[Round "1"]
[White "maciek_92"]
[Black "WPWPWP-2015"]
[Result "0-1"]
[WhiteElo "2675"]
[BlackElo "2387"]
[TimeControl "180+2"]
[EndTime "14:12:21 PDT"]
[Termination "WPWPWP-2015 won by resignation"]

1. c4 Nf6 2. Nc3 c6 3. e4 e5 4.
Nf3 d6 5. d4 exd4 6. Nxd4 Be7 7. Bd3 O-O 8. O-O Nbd7 9. h3 Nc5 10. Bc2 Re8 11. Re1 h6 12. b4 Ne6 13. Nb3 Nd7 14. Bb2 Ne5 15. Bd3 Bf8 16. Bf1 Qg5 17. g3 Qf6 18. Re3 g5 19. Rc1 Qg6 20. Nd4 Nxd4 21.
Qxd4 Be6 22. Nb1 Rad8 23. Qd1 Bg7 24. Rc2 h5 25. Nd2 g4 26. h4 Bc8 27. Ra3 a6 28. Bg2 Qe6 29. Qc1 Bh6 30. Qd1 b5 31. cxb5 axb5 32.
Rac3 Bb7 33. Nf1 Bg7 34. Ba1 Nc4 35. Rd3 Ne5 36. Rdc3 Ra8 37. Ne3 Bf6 38. Nf5 Rad8 39. Nd4 Qe7 40. Nf5 Qe6 41. Qd2 d5 42. Nd4 Qe7 43.
exd5 Nc4 44. Qd3 Qe1+ 45. Kh2 Qxa1 46. Rc1 Qxa2 47. R3c2 Qa8 48. Nf5 cxd5 49. Nh6+ Kg7 50. Qf5 Rh8 51. Nxg4 hxg4 52. Qxg4+ Kf8 53. Qf5 Qa6 54.
Ra2 Qe6 55. Qf3 Bc8 56. Re2 Qf5 57. Qb3 Kg7 58. Rce1 Be6 59. Kg1 d4 60. Be4 Qg4 61. Qd3 Ne5 62. Qb1 Nf3+ 63. Bxf3 Qxf3 64. Qc1 Rd7 65. Re4 d3 66. Qd2 Qf5 67. Rf4 Qg6 68. Re3 Be7 69. Qc3+ Kg8 70. Qc8+ Rd8 71. Qc7 Kf8 72. Qe5 Rg8 73. Rd4 Rxd4 74. Qxd4 Bf6 75. Qd6+ Kg7 76. Qxd3 Qxd3 77. Rxd3 Bc4 78. Rf3 Be7 79.
g4 Bxb4 80. g5 Rh8 81. Rf4 Bd6 82. Rd4 Bc5 83. Rf4 Bd6 84. Rd4 Be7 85. Kg2 Be6 86.
Kg3 b4 87. f4 b3 88. Rd1 Bf5 89. Rd2 Ba3 90. h5 b2 91. h6+ Kh7 0-1

[Event "*** Titled Tuesday Blitz"]
[Site "Chess.com"]
[Date "2019.04.02"]
[Round "1"]
[White "Floatingdream1"]
[Black "Alopekos"]
[Result "1/2-1/2"]
[WhiteElo "2819"]
[BlackElo "2466"]
[TimeControl "180+2"]
[EndTime "14:12:35 PDT"]
[Termination "Game drawn by repetition"]

1. d4 Nf6 2. c4 e6 3. g3 d5 4. Nf3 Be7 5. Bg2 O-O 6. O-O dxc4 7. Ne5 c5 8. dxc5 Qc7 9. Nxc4 Qxc5 10. Qb3 Nc6 11.
Be3 Qh5 12. h3 Qxe2 13. Nc3 Qh5 14. Rad1 e5 15. g4 Qh4 16. Nd6 Bxg4 17. hxg4 Nxg4 18. Rfe1 Nd4 19. Qd5 Rad8 20. Nce4 Nc2 21. Re2 Ncxe3 22. fxe3 Qh6 23. Rd3 Kh8 24. Nxf7+ Rxf7 25. Qxd8+ Rf8 26. Qxf8+ Bxf8 27. Rd8 g6 28. Bf3 Nxe3 29. Rh2 Qf4 30. Rf2 Ng4 31. Rxf8+ Qxf8 32. Bxg4 Qb4 33. Bf3 Kg7 34.
Kg2 Qc4 35. b3 Qc7 36. Rd2 Kh6 37. Kg3 Kg7 38. Rd3 h5 39. Kg2 Kh6 40. Rd2 Qa5 41. Rc2 Qd8 42. Rd2 Qa5 43. a4 Qb6 44. Rd3 Qc7 45. Rd2 Qb6 46. Rd3 Qc7 47. Rc3 Qd7 48. Rc5 Qe7 49. Rd5 h4 50. Bg4 Qf7 51. Rxe5 Qxb3 52.
Nf2 Qxa4 53. Re4 Qc6 54. Bf3 Qc7 55. Rxh4+ Kg7 56. Rg4 Qd7 57. Be4 Qe6 58. Kf3 a5 59. Nd3 b5 60. Nf4 Qb3+ 61. Bd3 Kf6 62. Rxg6+ Ke5 63.
Ke3 a4 64. Rg5+ Kd6 65. Rxb5 Qd1 66. Rd5+ Kc7 67. Ne6+ Kb6 68. Rd6+ Ka5 69. Ra6+ Kb4 70. Rb6+ Ka3 71. Nd4 Qg1+ 72. Ke4 Qg4+ 73. Kd5 Qg8+ 74. Kc5 Qf8+ 75. Kc4 Qf7+ 76. Kc3 Qc7+ 77. Rc6 Qa5+ 78. Kc2 Qb4 79. Rc3+ Ka2 80. Rc4 Qb2+ 81. Kd1 Qa1+ 82.
Kd2 a3 83. Rc2+ Qb2 84. Bc4+ Ka1 85. Rxb2 axb2 86. Nc2+ Kb1 87. Nd4 Ka1 88. Nb3+ Ka2 89. Nc5+ Ka1 90. Nb3+ Ka2 91. Nd4+ Ka1 92. Nc2+ Kb1 93.
Nd4 Ka1 1/2-1/2